 Dungeon Crawl Stone Soup version 0.31.0-12-g77e489cdc1 (webtiles) character file.

Game seed: 1543922915891421844

558 jimonade the Chopper (level 7, -4/52 HPs)
             Began as a Demonspawn Monk on Feb 27, 2024.
             Killed from afar by Blork the orc (6 damage)
             ... with a magic dart
             ... on level 5 of the Dungeon.
             The game lasted 00:07:12 (3469 turns).

jimonade the Chopper (Demonspawn Monk)              Turns: 3469, Time: 00:07:13

Health: -4/52      AC: 16    Str: 14    XL:     7   Next: 9%
Magic:  7/7        EV: 10    Int: 10    God:
Gold:   294        SH:  0    Dex: 15    Spells: 6/6 levels left

rFire   . . .        a - +1 hand axe (elec)
rCold   + . .        d - orb {light}
rNeg    + . .        y - +7 Kryia's mail coat {PotionHeal*2 rC+}
rPois   .            A - +0 helmet
rElec   .            E - +0 cloak
rCorr   +            (no gloves)
SInv    .            v - +0 pair of boots
Will    .....        (no amulet) Stlth
                     e - ring of positive energy
HPRegen 0.28/turn    n - ring of resist corrosion
MPRegen 0.10/turn

%: no passive effects
@: glowing
A: powered by death 1, condensation shield, demonic touch 1
a: no special abilities


You were on level 5 of the Dungeon.
You visited 1 branch of the dungeon, and saw 5 of its levels.

You collected 294 gold pieces.

Inventory:

Hand Weapons
 a - a +1 hand axe of electrocution (weapon)
 g - a +0 whip
 l - a +0 mace
 C - a +1 mace of pain
Missiles
 x - 4 poisoned darts (quivered)
Armour
 d - an orb of light (worn)
 r - a +0 buckler
 v - a +0 pair of boots (worn)
 y - the +7 Kryia's mail coat (worn) {PotionHeal*2 rC+}
   (You found it on level 3 of the Dungeon)

   PotionHeal*2: Potions heal its wearer twice as much.
   rC+:       It protects you from cold.
 A - a +0 helmet (worn)
 E - a +0 cloak (worn)
 J - a +3 ring mail
Magical Staves
 b - a staff of alchemy
Jewellery
 e - a ring of positive energy (left hand)
 n - a ring of resist corrosion (right hand)
 t - a ring of positive energy
Scrolls
 f - 5 scrolls of identify {unknown}
 j - a scroll of fear {unknown}
 m - a scroll of noise {unknown}
 o - a scroll of butterflies {unknown}
 p - a scroll of silence {unknown}
 u - a scroll of blinking {unknown}
 z - a scroll of amnesia {unknown}
 B - a scroll of immolation {unknown}
 D - 2 scrolls of teleportation {unknown}
 F - a scroll of enchant weapon {unknown}
Potions
 c - a potion of ambrosia
 h - 2 potions of berserk rage {unknown}
 i - a potion of enlightenment {unknown}
 k - a potion of degeneration {unknown}
 q - 3 potions of brilliance {unknown}
 s - 2 potions of might {unknown}
 w - a potion of mutation {unknown}
 G - a potion of attraction {unknown}
 H - a potion of curing {unknown}


   Skills:
 - Level 3.0 Fighting
 + Level 6.8(7.1) Axes
 - Level 2.8(5.1) Maces & Flails
 - Level 2.6 Dodging


You had 6 spell levels left.
You didn't know any spells.
Your spell library contained the following spells:

 Spells                   Type           Power      Damage    Failure   Level
 Apportation              Tloc           0%         N/A       86%         1
 Kiss of Death            Conj/Necr      0%         2d5       86%         1
 Necrotise                Necr           0%         1d4       86%         1
 Sting                    Conj/Alch      0%         1d3       86%         1
 Summon Small Mammal      Summ           0%         N/A       86%         1
 Confusing Touch          Hex            0%         N/A       99%         3
 Dispel Undead            Necr           0%         3d6       100%        4


Dungeon Overview and Level Annotations

Branches:
Dungeon (5/15) Zot: 26516
 Temple: D:4-7

Altars:
Cheibriados
Kikubaaqudgha
Makhleb
Qazlal
Vehumet

Shops:
D:3 :

Annotations:
D:4 2 runed translucent doors, Asa's ghost, novice DsCK
D:5 Blork the orc


Innate Abilities, Weirdness & Mutations

You regenerate a little health from kills.
A meltable shield of frost defends you. (SH +0)
Your touch may inflict minor irresistible damage on your foes.


Message History

The puff of frost hits you. You resist.
* * * LOW HITPOINT WARNING * * *
The black bear barely misses you.
The black bear claws you but does no damage. x2
Blork the orc screams, "I'll decorate my home with your organs!"
Blork the orc casts a spell at you. The puff of flame misses you.
The black bear barely misses you.
The black bear claws you but does no damage.
The black bear closely misses you.
You hit the black bear.
Lightning courses through the black bear!
You kill the black bear!
The adder bites you but does no damage.
Your Axes skill increases to level 6!
You closely miss the adder. The adder barely misses you.
You hit the adder.
The adder is lightly wounded.
The adder closely misses you.
Blork the orc screams, "I'll decorate my home with your organs!"
You hit the adder.
The adder is heavily wounded.
The adder closely misses you.
You hit the adder.
The adder is almost dead.
The adder misses you. The adder barely misses you.
Blork the orc casts a spell at you. The magic dart hits you.
* * * LOW HITPOINT WARNING * * *
You hit the adder. Lightning courses through the adder!
You kill the adder!
Blork the orc screams, "I'll rip your head off!"
You hit the ice beast.
The ice beast is lightly wounded.
The ice beast barely misses you.
You hit the ice beast but do no damage.
The ice beast is lightly wounded.
The ice beast hits you but does no damage.
You hit the ice beast but do no damage.
The ice beast is lightly wounded.
The ice beast barely misses you.
You hit the ice beast.
The ice beast is moderately wounded.
The ice beast closely misses you.
You hit the ice beast but do no damage.
The ice beast is moderately wounded.
Blork the orc points at you and mumbles some strange words.
The puff of flame hits you.
Your condensation shield dissipates!
* * * LOW HITPOINT WARNING * * *
The ice beast hits you but does no damage.
You hit the ice beast.
The ice beast is heavily wounded.
Blork the orc points at you and mumbles some strange words.
The puff of flame hits you but does no damage.
The ice beast hits you but does no damage.
Blork the orc screams, "I'll break your arms!"
You hit the ice beast.
The ice beast is heavily wounded.
The ice beast hits you but does no damage.
You barely miss the ice beast.
The ice beast is heavily wounded.
The ice beast hits you but does no damage.
You hit the ice beast.
The ice beast is heavily wounded.
The ice beast hits you but does no damage.
You slash the ice beast!
Lightning courses through the ice beast!
You kill the ice beast!
Blork the orc casts a cantrip, but nothing happens.
You have reached level 7!
Blork the orc barely misses you.
You see here an adder corpse.
You hit Blork the orc.
Blork the orc is moderately wounded.
Blork the orc hits you with a +0 morningstar.
You barely miss Blork the orc.
Blork the orc is moderately wounded.
Blork the orc hits you but does no damage.
Blork the orc points at you and mumbles some strange words.
The puff of flame hits you!
* * * LOW HITPOINT WARNING * * *
You hit Blork the orc but do no damage.
Blork the orc is moderately wounded.
Blork the orc hits you with a +0 morningstar!
* * * LOW HITPOINT WARNING * * *
You hit Blork the orc but do no damage.
Lightning courses through Blork the orc!
Blork the orc is almost dead.
Blork the orc hits you with a +0 morningstar.
* * * LOW HITPOINT WARNING * * *
Blork the orc casts a spell at you.
The puff of flame hits you but does no damage.
You hit Blork the orc but do no damage.
Blork the orc is almost dead.
Blork the orc closely misses you.
You hit Blork the orc.
Blork the orc is almost dead.
Blork the orc gestures at you while chanting.
The magic dart hits you.
You die...

#.......#. #####
#!......#.##...##
#.......#.#..#..#
#.......#...###.##
###.......##...#...#
.......$..##.#...#.#
###.......##....##.#
#.....o#.# #..####.#
#..#@## #..####.#### #.#
#.## #.......##.##
.....#.######........#[#
..............†#####.###.
..(..##.######.#....## ##
#.#. #... #.#.#.## # #
..... #.#..(.## ##
.##...# #.#####.###. #
#...# #........#.#


You could see Blork the orc (fast).

Vanquished Creatures
  An ice beast (D:5)
  A black bear (D:5)
  An ogre (D:4)
  A howler monkey (D:5)
  An orc priest (D:4)
  2 iguanas
  An orc wizard (D:4)
  Robin (D:3)
  5 adders
  A ribbon worm (D:4)
  2 dart slugs
  9 orcs
  2 ball pythons
  4 bats
  An endoplasm (D:4)
  A giant cockroach (D:2)
  7 hobgoblins
  13 jackals
  2 quokkas (D:4)
  2 frilled lizards (D:1)
  15 goblins
  6 kobolds
  5 rats
84 creatures vanquished.

Notes
Turn   | Place    | Note
-------+----------+-------------------------------------------
     0 | D:1      | jimonade the Demonspawn Monk began the quest for the Orb.
     0 | D:1      | Reached XP level 1. HP: 18/18 MP: 1/1
   311 | D:1      | Reached skill level 1 in Axes
   397 | D:1      | Gained mutation: Your touch may inflict minor irresistible
                  | damage on your foes. [demonic ancestry]
   397 | D:1      | Reached XP level 2. HP: 24/24 MP: 2/2
   676 | D:2      | Reached skill level 2 in Axes
   850 | D:2      | Gained mutation: A meltable shield of frost defends you.
                  | (SH +0) [demonic ancestry]
   850 | D:2      | Reached XP level 3. HP: 27/29 MP: 3/3
  1218 | D:3      | Found the +7 Kryia's mail coat {PotionHeal*2 rC+}
  1272 | D:3      | Found an ancient bone altar of Kikubaaqudgha.
  1333 | D:3      | Noticed Robin
  1339 | D:3      | Reached skill level 3 in Axes
  1347 | D:3      | Killed Robin
  1348 | D:3      | Gained mutation: You regenerate a little health from kills.
                  | [demonic ancestry]
  1348 | D:3      | Reached XP level 4. HP: 31/35 MP: 4/4
  1455 | D:3      | Found a stormy altar of Qazlal.
  1774 | D:3      | Found Cionk's Book Shoppe.
  2348 | D:4      | Reached skill level 4 in Axes
  2446 | D:4      | Noticed an ogre
  2450 | D:4      | Reached XP level 5. HP: 41/41 MP: 5/5
  2457 | D:4      | Killed an ogre
  2458 | D:4      | Reached skill level 5 in Axes
  2629 | D:4      | Found a large runed translucent door.
  2630 | D:4      | Found a large runed translucent door.
  2640 | D:4      | Reached XP level 6. HP: 47/47 MP: 6/6
  2645 | D:4      | Noticed Asa's ghost (novice DsCK)
  2753 | D:4      | Found a radiant altar of Vehumet.
  2756 | D:4      | Found a snail-covered altar of Cheibriados.
  3288 | D:5      | Entered Level 5 of the Dungeon
  3312 | D:5      | Found a burning altar of Makhleb.
  3435 | D:5      | Noticed Blork the orc
  3440 | D:5      | Noticed an ice beast
  3448 | D:5      | Reached skill level 6 in Axes
  3462 | D:5      | Killed an ice beast
  3463 | D:5      | Reached XP level 7. HP: 24/52 MP: 7/7
  3467 | D:5      | HP: 2/52 [Blork the orc/+0 morningstar (6)]
  3469 | D:5      | Killed from afar by Blork the orc

Illustrated notes

Levels and vault maps discovered:
D:1:      dpeg_arrival_tiny_i, layout_basic
D:2:      layout_basic, minmay_fountain_box
D:3:      layout_basic, nicolae_qazlal_general_emergency,
          mainiacjoe_overflow_catch_the_wave, serial_shops,
          nicolae_book_shop_shelving, uniq_robin
D:4:      minmay_chambers_of_twos, layout_cave_pods,
          grunt_temple_overflow_diamond, ebering_ghost_disaster_area
D:5:      layout_loops_cross, amcnicky_altar_gilded, uniq_blork_the_orc,
          uniq_pikel

Skill      XL: |  1  2  3  4  5  6 |
---------------+-------------------+-----
Axes           | 1 2 3 4 5 6 |  6.8
Fighting       | |  3.0
Maces & Flails | |  2.8
Dodging        | |  2.6

Action                     |  1- 3 |  4- 6 |  7- 9 || total
---------------------------+-------+-------+-------++-------
  Melee: Hand axe          |    70 |   131 |     6 ||   207
         Mace              |     3 |       |       ||     3
 Armour: Robe              |    13 |       |       ||    13
         Ring mail         |    23 |       |       ||    23
         Scale mail        |    35 |    74 |     7 ||   116
         Skin              |     3 |       |       ||     3
         Chain mail        |       |    11 |       ||    11
  Dodge: Dodged            |    65 |    79 |     2 ||   146
